 Dungeon Crawl Stone Soup version 0.31.0-9-g3a7656b989 (webtiles) character file.

Game seed: 14171510534593596094

477 Killerpretzel the Sneak (level 6, 0/28 HPs)
             Began as a Felid Air Elementalist on Feb 1, 2024.
             Was an Initiate of Gozag.
             Slain by a sky beast (5 damage)
             ... on level 4 of the Dungeon.
             The game lasted 00:15:38 (4486 turns).

Killerpretzel the Sneak (Felid Air Elementalist)    Turns: 4486, Time: 00:15:39

Health: 0/28       AC:  6    Str:  4    XL:     6   Next: 85%
Magic:  2/11       EV: 19    Int: 27    God:    Gozag
Gold:   105        SH:  0    Dex: 16    Spells: 4/11 levels left
                                        Lives:  0   Deaths: 2

rFire   . . .        (weapon unavailable)
rCold   . . .        (shield unavailable)
rNeg    . . .        (body armour unavailable)
rPois   .            (helmet unavailable)
rElec   .            (cloak unavailable)
rCorr   .            (gloves unavailable)
SInv    +            (boots unavailable)
Will    .....        (no amulet)
Stlth   +++          d - +6 ring of intelligence
HPRegen 0.24/turn    h - +4 ring of protection
MPRegen 0.12/turn

%: no passive effects
@: no status effects
A: very small, claws 1, fangs 3, see invisible, shaggy fur 2, stealthy paws, no
weapons or thrown items, no armour, multi-lived
a: Renounce Religion, Potion Petition, Call Merchant, Bribe Branch


You were on level 4 of the Dungeon.
You worshipped Gozag.
Gozag was aware of your devotion.
You visited 2 branches of the dungeon, and saw 5 of its levels.

You collected 158 gold pieces.
You paid 53 gold pieces to Gozag.

Inventory:

Jewellery
 d - a +6 ring of intelligence (left paw)
 h - a +4 ring of protection (right paw)
Scrolls
 b - a scroll of vulnerability
 e - a scroll of revelation
 g - a scroll of silence {unknown}
 i - 2 scrolls of enchant armour {unknown}
 j - 3 scrolls of teleportation
Potions
 a - 2 potions of magic
 c - a potion of berserk rage
 f - 4 potions of curing
 k - a potion of heal wounds
 l - a potion of attraction {unknown}
 n - a potion of degeneration


   Skills:
 + Level 4.6 Dodging
 + Level 4.9 Stealth
 + Level 3.2 Spellcasting
 + Level 2.6 Conjurations
 * Level 4.6 Air Magic


You had 4 spell levels left.
You knew the following spells:

 Your Spells              Type           Power      Damage    Failure   Level
a - Shock                 Conj/Air       96%        1d9       1%          1
b - Static Discharge      Conj/Air       48%        3-5/arc   3%          2
c - Airstrike             Air            14%        2d(3-19)  13%         4

Your spell library contained the following spells:

 Spells                   Type           Power      Damage    Failure   Level
 Swiftness                Air            29%        N/A       3%          3
 Sting                    Conj/Alch      44%        1d5       4%          1
 Mercury Vapours          Alch/Air       32%        N/A       4%          2
 Apportation              Tloc           8%         N/A       9%          1
 Jinxbite                 Hex            8%         N/A       13%         2
 Olgreb's Toxic Radiance  Alch           4%         N/A       65%         4
 Alistair's Intoxication  Alch           2%         N/A       94%         5


Dungeon Overview and Level Annotations

Branches:
Dungeon (4/15)             Temple (1/1) D:4

Altars:
Ashenzari
Dithmenos
Elyvilon
Fedhas
Gozag
Makhleb
Nemelex Xobeh
Ru
Sif Muna
Trog
Xom
Zin
The Shining One

Shops:
D:1 (


Innate Abilities, Weirdness & Mutations

You have sharp claws.
You have razor-sharp teeth.
You have supernaturally acute eyesight. (SInv)
You are covered in thick fur. (AC +2)
Your paws help you pounce on unaware monsters.
You are incapable of wielding weapons or throwing items.
You cannot wear armour.
You gain extra lives every three experience levels.


Message History

The sky beast closely misses you.
The sky beast attacks as it pursues you!
The sky beast completely misses you.
The sky beast attacks as it pursues you!
The sky beast barely misses you.
The sky beast attacks as it pursues you!
The sky beast closely misses you.
The sky beast flickers out of sight for a moment.
The sky beast attacks as it pursues you!
The sky beast barely misses you.
The sky beast hits you but does no damage.
The sky beast attacks as it pursues you!
The sky beast completely misses you.
The sky beast hits you but does no damage.
The sky beast attacks as it pursues you!
The sky beast closely misses you.
The sky beast attacks as it pursues you!
The sky beast hits you. The sky beast shocks you.
* * * LOW HITPOINT WARNING * * *
Casting: Airstrike (extremely dangerous; 13% risk of failure)
Confirm with . or Enter, or press ? or * to list all spells.
Aiming: Airstrike (extremely dangerous; 13% risk of failure)
Press: ? - help, Dir - move target, f/p - sky beast
Aim: a sky beast (empty space bonus: 4/8)
The air twists around and strikes the sky beast but does no damage.
Casting: Airstrike (extremely dangerous; 13% risk of failure)
Confirm with . or Enter, or press ? or * to list all spells.
You don't have enough magic to cast this spell.
You are too injured to fight recklessly!
There are monsters nearby!
You are too injured to fight recklessly!
There are monsters nearby!
You closely miss the sky beast. The sky beast misses you.
You barely miss the sky beast.
You bite the sky beast, but do no damage.
The sky beast hits you.
* * * LOW HITPOINT WARNING * * *
The sky beast shocks you.
You die...
Your body crumbles into a pile of gold.

♣.♣♣ ########## ♣♣.♣
#........# ♣♣.♣♣
#.######.# ♣..♣ #.#....#.#
♣..♣ #.#......# # ♣..♣
#.#.#...<# .# ♣..♣
#####.########..# #..#
#.....J.........#
#####.####.###.Y@........#
...........# #####.......#
##########.# #.####... #.#
#.# # #.# #.# #.#######.#
#.........# #.#########
###


You could see a sky beast and an endoplasm.

Vanquished Creatures
  Grinder (D:3)
  A lemure (D:3)
  A howler monkey (D:4)
  Terence (D:3)
  Jessica (D:3)
  Natasha (thrice) (D:3)
  3 gnolls (D:3)
  4 adders
  A dart slug (D:1)
  2 ribbon worms (D:2)
  4 orcs (D:3)
  6 ball pythons
  3 bats
  5 endoplasms
  2 giant cockroaches (D:1)
  8 goblins
  3 hobgoblins
  5 kobolds
  A quokka (D:2)
  A frilled lizard (D:1)
  8 rats
64 creatures vanquished.

Notes
Turn   | Place    | Note
-------+----------+-------------------------------------------
     0 | D:1      | Killerpretzel the Felid Air Elementalist began the quest
                  | for the Orb.
     0 | D:1      | Reached XP level 1. HP: 9/9 MP: 4/4
   222 | D:1      | Reached skill level 1 in Conjurations
   413 | D:1      | Reached XP level 2. HP: 13/13 MP: 1/6
  1136 | D:1      | Found Moymen's Antique Weapon Shop.
  1556 | D:2      | Reached XP level 3. HP: 16/16 MP: 3/7
  2766 | D:3      | Learned a level 2 spell: Static Discharge
  2883 | D:3      | Noticed Natasha
  2899 | D:3      | Slain by Natasha
  2899 | D:3      | Lost a life (0 lives remaining)
  2902 | D:3      | Noticed Jessica
  2906 | D:3      | Killed Jessica
  2907 | D:3      | Reached XP level 4. HP: 21/21 MP: 3/8
  2907 | D:3      | Gained a life (1 life remaining)
  2961 | D:3      | Found a glowing golden altar of the Shining One.
  2968 | D:3      | Noticed Terence
  2988 | D:3      | Killed Terence
  3355 | D:3      | Reached XP level 5. HP: 24/24 MP: 5/9
  3477 | D:3      | Killed Natasha
  3498 | D:3      | Noticed Natasha
  3504 | D:3      | Killed Natasha
  3643 | D:3      | Noticed Natasha
  3646 | D:3      | Noticed Grinder
  3647 | D:3      | Killed Natasha
  3666 | D:3      | Slain by a gnoll
  3666 | D:3      | Lost a life (0 lives remaining)
  3766 | D:3      | Paralysed by Grinder for 5 turns
  3776 | D:3      | Killed Grinder
  3777 | D:3      | Gained mutation: You are covered in thick fur. (AC +2)
                  | [Felid growth]
  3777 | D:3      | Reached XP level 6. HP: 5/28 MP: 1/11
  4092 | D:4      | Found a staircase to the Ecumenical Temple.
  4103 | Temple   | Entered the Ecumenical Temple
  4148 | Temple   | Became a worshipper of Gozag Ym Sagoz the Greedy
  4418 | D:4      | Noticed a sky beast
  4427 | D:4      | Learned a level 4 spell: Airstrike
  4486 | D:4      | Slain by a sky beast

Illustrated notes

Levels and vault maps discovered:
D:1:      minmay_arrival_nine_rooms, layout_basic, serial_shops, shop,
          corexii_hall_statues_x, grunt_decor_fettered, minmay_cupped
D:2:      layout_basic, interstate_on_off, minmay_close_crescents
D:3:      layout_basic, mainiacjoe_overflow_chevrons,
          minmay_misc_feat_diagonals, wad_orctagon, uniq_grinder, uniq_terence,
          uniq_jessica, uniq_natasha
D:4:      kb_forest_paths, layout_basic, mainiacjoe_overflow_six_doors_small,
          minmay_temple_entry_mist, hangedman_minor_gate_pass, uniq_pikel,
          uniq_menkaure
Temple:   nicolae_temple_godzebo

Skill      XL: |  1  2  3  4  5 |
---------------+----------------+-----
Conjurations   | 1 2 |  2.6
Stealth        | 3 4 |  4.9
Dodging        | 3 4 |  4.6
Air Magic      | 3 4 |  4.6
Spellcasting   | 3 |  3.2

Action                     |  1- 3 |  4- 6 || total
---------------------------+-------+-------++-------
  Melee: Unarmed           |    21 |     3 ||    24
         Bite              |       |     1 ||     1
   Cast: Shock             |    97 |    91 ||   188
         Airstrike         |       |     3 ||     3
    Use: Potion            |     1 |       ||     1
         Scroll            |       |    10 ||    10
 Armour: Skin              |    12 |    26 ||    38
  Dodge: Dodged            |    25 |    36 ||    61
